 Dungeon Crawl Stone Soup version 0.28-a0-1002-gf00fe891ef (webtiles) character file.

Game seed: 17499420727072423569

315 miscthings the Vexing (level 6, -2/29 HPs)
             Began as a Spriggan Enchanter on Dec 7, 2021.
             Slain by a kobold (4 damage)
             ... on level 4 of the Dungeon.
             The game lasted 00:08:26 (4332 turns).

miscthings the Vexing (Spriggan Enchanter)          Turns: 4332, Time: 00:08:27

Health: -2/29      AC:  2    Str:  4    XL:     6   Next: 20%
Magic:  11/11      EV: 18    Int: 16    God:
Gold:   228        SH:  0    Dex: 18    Spells: 3/11 levels left

rFire   + . .      SeeInvis +   l - +1 dagger (venom)
rCold   . . .      Faith    .   (shield restricted)
rNeg    . . .      Spirit   .   b - +0 robe
rPois   .          Reflect  .   (helmet restricted)
rElec   .          Harm     .   (no cloak)
rCorr   .          Rampage  .   (gloves unavailable)
Will    +....                   (boots unavailable)
Stlth   +++.......              (no amulet)
HPRegen 0.09/turn               h - ring of protection from fire
MPRegen 0.12/turn               (no ring)

@: very quick
A: very small, no large weapons, unfitting armour, see invisible, speed 3
a: no special abilities


You were on level 4 of the Dungeon.
You visited 1 branch of the dungeon, and saw 5 of its levels.

You collected 228 gold pieces.

Inventory:

Hand Weapons
 l - a +1 dagger of venom (weapon)
Armour
 b - a +0 robe (worn)
Jewellery
 h - a ring of protection from fire (left hand)
Wands
 d - a wand of polymorph (2)
 j - a wand of charming (9)
Scrolls
 g - a scroll of teleportation {unknown}
 m - a scroll of silence
 n - a scroll of immolation {unknown}
 q - a scroll of blinking {unknown}
 r - a scroll of holy word {unknown}
Potions
 a - 2 potions of resistance {unknown}
 c - a potion of invisibility
 e - a potion of heal wounds {unknown}
 f - a potion of degeneration {unknown}
 i - a potion of cancellation {unknown}
 k - 3 potions of curing {unknown}
 o - a potion of brilliance {unknown}
 p - a potion of mutation {unknown}


   Skills:
 + Level 0.8 Fighting
 + Level 1.6 Short Blades
 + Level 3.1 Dodging
 + Level 4.8 Stealth
 + Level 3.0 Spellcasting
 + Level 7.5 Hexes
 + Level 1.4 Evocations


You had 3 spell levels left.
You knew the following spells:

 Your Spells              Type           Power      Damage    Failure   Level
a - Ensorcelled Hibernat  Hex/Ice        28%        N/A       6%          2
b - Tukima's Dance        Hex            26%        N/A       2%          3
e - Confusing Touch       Hex            26%        N/A       2%          3

Your spell library contained the following spells:

 Spells                   Type           Power      Damage    Failure   Level
 Dazzling Flash           Conj/Hex       28%        N/A       12%         3


Dungeon Overview and Level Annotations

Branches:
Dungeon (5/15)
 Temple: D:4-7

Altars:
Yredelemnul
Zin

Annotations:
D:3 1 runed translucent door


Innate Abilities, Weirdness & Mutations

You are very small and have problems with some larger weapons.
You are too small for most types of armour.
You have supernaturally acute eyesight. (SInv)
You cover ground extremely quickly. (Speed+++)


Message History

Your Dodging skill increases to level 3!
Your Spellcasting skill increases to level 3!
Your Evocations skill increases to level 1!
You have reached level 6!
The kobold shouts! x3
You completely miss the kobold. The kobold barely misses you.
The kobold hits you with a +2 dagger of venom.
You are poisoned.
You hit the kobold but do no damage.
The kobold is poisoned.
You feel sick. The kobold barely misses you. The kobold closely misses you.
You hit the kobold.
The kobold looks even sicker.
The kobold is severely wounded.
You feel sick.
You kill the kobold!
The kobold closely misses you.
The kobold hits you with a +0 short sword.
You hit the kobold.
The kobold is poisoned.
The kobold is severely wounded.
You feel sick.
You kill the kobold!
You hit the kobold.
The kobold is poisoned.
The kobold is moderately wounded.
You feel sick. The kobold misses you.
The kobold hits you with a +0 short sword.
You closely miss the kobold.
You feel sick. The kobold misses you. The kobold barely misses you.
The howler monkey skeleton completely misses you.
You hit the kobold but do no damage.
The kobold is poisoned.
You feel sick. The kobold closely misses you.
The kobold hits you with a +0 short sword.
The howler monkey skeleton completely misses you.
You feel sick.
The kobold hits you with a +0 short sword.
* * * LOW HITPOINT WARNING * * *
The kobold misses you. The howler monkey skeleton misses you.
You climb upwards.
You feel sick.
You are no longer poisoned.
There is a stone staircase leading down here.
The kobold hits you with a +0 short sword.
You die...

........##..................##.#.
....#.#.##.##...............##.#.
....#...##.######.#....###.......
.>..##.....# #.#....# #.###.##
..†.##.##### #.#....###.###.##
....##.# ######.......##<......
....##.# ##...##.#.....#########
....##.####.###K#.......# #
............#..K@....##.# #
.###.###.#..#.#.#..####.#########
.#.....#.#........#.###........#
##.#.#.###...............#####.#
............#.##..#.##########)##
##.#.#.###...........# #......
...#.#...#..###..###.# #......
.###.###.#..(....# #.# #.##.#)
...).......##.#[####.#### #.##.#.


You could see 2 kobolds.

Vanquished Creatures
  A kobold brigand (D:5)
  A hound (D:2)
  A human zombie (D:3)
  A jelly (D:4)
  An orc wizard (D:4)
  A gnoll (D:1)
  4 adders
  2 dart slugs (D:1)
  A worm (D:2)
  3 orcs
  6 ball pythons
  2 endoplasms
  4 giant cockroaches (D:1)
  6 goblins
  10 hobgoblins
  10 kobolds
  2 quokkas
  4 bats
  7 frilled lizards
  8 rats
75 creatures vanquished.

Notes
Turn   | Place    | Note
-------+----------+-------------------------------------------
     0 | D:1      | miscthings the Spriggan Enchanter began the quest for the
                  | Orb.
     0 | D:1      | Reached XP level 1. HP: 9/9 MP: 5/5
   301 | D:1      | Reached skill level 4 in Hexes
   611 | D:1      | Reached XP level 2. HP: 10/13 MP: 6/6
   630 | D:1      | Learned a level 2 spell: Ensorcelled Hibernation
   886 | D:1      | Reached skill level 5 in Hexes
   923 | D:1      | Reached XP level 3. HP: 10/16 MP: 1/8
  1349 | D:1      | Found a faded altar of an unknown god.
  1723 | D:2      | Reached XP level 4. HP: 10/21 MP: 2/9
  1815 | D:2      | Reached skill level 6 in Hexes
  2705 | D:3      | Learned a level 3 spell: Confusing Touch
  2709 | D:3      | Learned a level 3 spell: Tukima's Dance
  2717 | D:3      | Found a glowing silver altar of Zin.
  2907 | D:3      | Found a runed translucent door.
  2907 | D:3      | Noticed a human
  2910 | D:3      | Found a basalt altar of Yredelemnul.
  3215 | D:3      | Reached skill level 7 in Hexes
  3215 | D:3      | Reached XP level 5. HP: 19/24 MP: 7/10
  4319 | D:5      | Entered Level 5 of the Dungeon
  4322 | D:5      | Reached skill level 1 in Evocations
  4322 | D:5      | Reached XP level 6. HP: 29/29 MP: 11/11
  4332 | D:4      | Slain by a kobold

Illustrated notes

Levels and vault maps discovered:
D:1:      mainiacjoe_arrival_reflecting_pool, layout_loops_ring,
          hellmonk_ecumenical_altar_prayer_group, minmay_indecisive_spiral
D:2:      layout_basic
D:3:      layout_basic, dk_yredelemnul_ordeal, zin_statuary,
          minmay_stone_trees_medium
D:4:      layout_loops_cross, minmay_misc_feat_roman,
          nicolae_concentric_dashed_squares_mild
D:5:      layout_loops_cross, nicolae_overflow_hidden_temple,
          gammafunk_ghost_grave

Skill      XL: |  1  2  3  4  5 |
---------------+----------------+-----
Hexes          | 4 5 7 |  7.5
Dodging        | 3 |  3.1
Spellcasting   | 3 |  3.0
Evocations     | 1 |  1.4
Fighting       | |  0.8
Short Blades   | |  1.6
Stealth        | |  4.8

Action                   |  1- 3 |  4- 6 || total
-------------------------+-------+-------++-------
Melee: Dagger            |   106 |   108 ||   214
 Cast: Ensorcelled Hiber |    17 |     8 ||    25
       Confusing Touch   |       |     1 ||     1
  Use: Scroll            |       |     2 ||     2
 Stab: Sleeping          |    20 |    11 ||    31
       Confused          |       |     3 ||     3
Armor: Robe              |     8 |     4 ||    12
Dodge: Dodged            |    72 |    68 ||   140

Table legend: (Time is in decaauts)
 A = Elapsed time spent in this place.
 B = Non-inter-level travel time spent in this place.
 C = Inter-level travel time spent in this place.
 D = Time resting spent in this place.
 E = Time spent auto-exploring this place.
 F = Levels seen in this place.
 G = Mean time per level.
                   A        B        C        D        E       F      G
               +--------+--------+--------+--------+--------+-----+--------+
         Total |   3154 |   3064 |     90 |   1032 |   1292 |   5 |  630.8 |
       Dungeon |   3154 |   3064 |     90 |   1032 |   1292 |   5 |  630.8 |
               +--------+--------+--------+--------+--------+-----+--------+

Top non-repeatable levels by time:
     D:1: 1210 daAuts
     D:3: 961 daAuts
     D:2: 574 daAuts
     D:4: 397 daAuts
     D:5: 11 daAuts
